cohdb
Replays
Latest Replays
All Replays
Popular Replays
Top Player Replays
Match Explorer
How It Works
Community
CoH3 Stats
Reddit
Sign in to upload your games and track your stats! →
Sign in with Steam
not balanced DAK
Match 18213223
Overview
Messages
Build Orders
End
Royal Engineer Section
Construct Section Command Post
Selects Air and Sea Battlegroup
Infantry Section
Vickers Machine Gun Team
Selects Supply Surplus
Construct Resource Cache
Construct Resource Cache
Construct Field Infirmary
Construct Platoon Command Post
Unlock M3 Stuart Light Tanks
M3 Stuart Light Tank
AI Takeover
Weterann
Gorthaur
Flatsix
verige维吉尔
kogo
Yikers
울버린
冥雨
0
0
Comments
sign in to comment!
No comments posted yet!